[Event "ICC tourney 2257 (45 10)"]
[Site "Internet Chess Club"]
[Date "2020.12.30"]
[Round "5"]
[White "al68067"]
[Black "fhunfi"]
[Result "0-1"]
[ICCResult "White resigns"]
[WhiteElo "1091"]
[BlackElo "1693"]
[Opening "Queen's pawn"]
[ECO "A40"]
[NIC "QO.17"]
[Time "21:03:07"]
[PlyCount "48"]
[TimeControl "2700+10"]

1. d4 e6 2. Bf4 f5 3. Nf3 Nf6 4. e3 b6 5. c4 Bb7 6. Nc3 Bb4 7. Rc1 O-O 8.
Bd3 d6 9. h4 Qe7 10. a3 Bxc3+ 11. Rxc3 Nbd7 12. h5 e5 13. dxe5 dxe5 14.
Bxf5 exf4 15. Bxd7 Rad8 16. Qb3 Bxf3 17. gxf3 Qxd7 18. c5+ Qd5 19. cxb6
Qxb3 20. Rxb3 cxb6 21. h6 g6 22. Rc3 Rc8 23. Rxc8 Rxc8 24. exf4 Rc1+ {
White resigns } 0-1

[Event "ICC tourney 2257 (45 10)"]
[Site "Internet Chess Club"]
[Date "2020.12.30"]
[Round "5"]
[White "marinaxiao"]
[Black "beibeiolivia"]
[Result "1-0"]
[ICCResult "Black checkmated"]
[WhiteElo "1556"]
[BlackElo "1264"]
[Opening "Giuoco Piano"]
[ECO "C54"]
[NIC "IG.02"]
[Time "21:02:54"]
[PlyCount "65"]
[TimeControl "2700+10"]

1. e4 e5 2. Nf3 Nc6 3. Bc4 Bc5 4. c3 Nf6 5. d3 d6 6. a4 a6 7. O-O Be6 8.
Nbd2 O-O 9. Ng5 Bg4 10. Ngf3 Ba7 11. h3 Bh5 12. Re1 Re8 13. Nf1 Nd7 14. Ng3
Bg6 15. Bg5 Ne7 16. Nh4 Kh8 17. Qf3 f6 18. Bd2 Rf8 19. Nxg6+ Nxg6 20. Nf5
Nb6 21. Bb3 Qd7 22. Qg3 Nc8 23. h4 Re8 24. h5 Nf8 25. h6 g6 26. Ng7 Rd8 27.
Qf3 Qe7 28. Qg4 Nb6 29. Be3 Nbd7 30. Bxa7 Rxa7 31. Re3 c6 32. Nf5 gxf5 33.
Qg8# { Black checkmated } 1-0

[Event "ICC tourney 2257 (45 10)"]
[Site "Internet Chess Club"]
[Date "2020.12.30"]
[Round "5"]
[White "ScorpianFire7"]
[Black "JackOliver"]
[Result "1-0"]
[ICCResult "Black checkmated"]
[WhiteElo "1503"]
[BlackElo "1449"]
[Opening "Caro-Kann: exchange, Rubinstein variation"]
[ECO "B13"]
[NIC "CK.02"]
[Time "21:02:53"]
[PlyCount "95"]
[TimeControl "2700+10"]

1. e4 c6 2. d4 d5 3. exd5 cxd5 4. Bd3 Nc6 5. c3 Nf6 6. Bf4 e6 7. Nd2 Bd6 8.
Bxd6 Qxd6 9. Ngf3 O-O 10. O-O e5 11. dxe5 Nxe5 12. Nxe5 Qxe5 13. Nf3 Qc7
14. Qc2 h6 15. h3 Be6 16. Nd4 Rac8 17. Nxe6 fxe6 18. Rfe1 Qb6 19. Qd2 a6
20. Bg6 Qd6 21. Re2 Rc6 22. Rae1 Nd7 23. Rxe6 Qxe6 24. Rxe6 Rxe6 25. Qxd5
Rf6 26. Bf5 Nf8 27. Bxe6+ Rxe6 28. f3 Kh8 29. Qxb7 Kh7 30. Kf2 Ng6 31. Qf7
Rf6 32. Qd5 Nf4 33. Qe4+ Kh8 34. c4 Ne6 35. Qa8+ Nf8 36. c5 Kg8 37. c6 Kf7
38. c7 Rb6 39. Qd5+ Ne6 40. c8=Q Rxb2+ 41. Kg3 Re2 42. Qcd7+ Kf6 43. Qc4
Rxg2+ 44. Kxg2 Nf4+ 45. Qxf4+ Kg6 46. Qe8+ Kh7 47. Qf5+ g6 48. Qfxg6# {
Black checkmated } 1-0

[Event "ICC tourney 2257 (45 10)"]
[Site "Internet Chess Club"]
[Date "2020.12.30"]
[Round "5"]
[White "handsomematch"]
[Black "JudeNYC"]
[Result "0-1"]
[ICCResult "White checkmated"]
[WhiteElo "1226"]
[BlackElo "1581"]
[Opening "Caro-Kann: advance variation"]
[ECO "B12"]
[NIC "CK.02"]
[Time "21:03:17"]
[PlyCount "70"]
[TimeControl "2700+10"]

1. e4 c6 2. d4 d5 3. e5 c5 4. c3 Nc6 5. Nf3 Bg4 6. Be2 e6 7. O-O Bxf3 8.
Bxf3 cxd4 9. cxd4 Qb6 10. Qd3 Qxd4 11. Qb3 Qb6 12. Qc3 Bb4 13. Qc2 Nxe5 14.
Be2 Nc6 15. a3 Bd6 16. Nc3 Nf6 17. Nb5 Qd8 18. Bg5 a6 19. Bxf6 gxf6 20. Nc3
Qd7 21. Rad1 Qc7 22. Kh1 Bxh2 23. g3 Bxg3 24. fxg3 Qxg3 25. Rf3 Qh4+ 26.
Kg2 Rg8+ 27. Kf1 Qh1+ 28. Kf2 Qg2+ 29. Ke1 Qg6 30. Bd3 Qg1+ 31. Rf1 Qe3+
32. Ne2 Ne5 33. Bxh7 Rg7 34. Rxf6 Rg1+ 35. Rf1 Nf3# { White checkmated }
0-1

[Event "ICC tourney 2257 (45 10)"]
[Site "Internet Chess Club"]
[Date "2020.12.30"]
[Round "5"]
[White "Neal-Li"]
[Black "iamvoltu"]
[Result "1/2-1/2"]
[ICCResult "Game drawn by repetition"]
[WhiteElo "1551"]
[BlackElo "1600"]
[Opening "Caro-Kann: classical variation"]
[ECO "B18"]
[NIC "CK.10"]
[Time "21:03:02"]
[PlyCount "58"]
[TimeControl "2700+10"]

1. d4 c6 2. e4 d5 3. Nd2 dxe4 4. Nxe4 Bf5 5. Ng3 Bg6 6. Nf3 e6 7. Bd3 Bxd3
8. Qxd3 Nf6 9. c4 Nbd7 10. Bd2 Be7 11. O-O O-O 12. b3 a5 13. h3 h6 14. Rfe1
Qc7 15. Rad1 Rfd8 16. Qc2 Bd6 17. Ne2 b5 18. c5 Be7 19. Bf4 Qb7 20. Nc3 b4
21. Na4 Nd5 22. Bg3 Bf6 23. Rd3 Nf8 24. Bd6 Ng6 25. Nd2 Ngf4 26. Rf3 Ng6
27. Rd3 Ngf4 28. Rf3 Ng6 29. Rd3 Ngf4 { Game drawn by repetition } 1/2-1/2

[Event "ICC tourney 2257 (45 10)"]
[Site "Internet Chess Club"]
[Date "2020.12.30"]
[Round "5"]
[White "Fredzhang"]
[Black "IveDoneEnough"]
[Result "1/2-1/2"]
[ICCResult "Game drawn by mutual agreement"]
[WhiteElo "1319"]
[BlackElo "1645"]
[Opening "Sicilian: Najdorf, 6...e6"]
[ECO "B95"]
[NIC "SI.04"]
[Time "21:02:51"]
[PlyCount "153"]
[TimeControl "2700+10"]

1. e4 c5 2. Nf3 d6 3. d4 cxd4 4. Nxd4 Nf6 5. Nc3 a6 6. Bg5 e6 7. Be2 h6 8.
Bxf6 Qxf6 9. O-O Nc6 10. Nxc6 bxc6 11. Qd3 d5 12. Qg3 Bc5 13. Kh1 O-O 14.
Rad1 Bd7 15. Na4 Ba7 16. f4 c5 17. e5 Qg6 18. Qxg6 fxg6 19. b3 Bxa4 20.
bxa4 Bb6 21. Bd3 g5 22. Rb1 Ba5 23. g3 gxf4 24. gxf4 Bc3 25. Rb7 c4 26. Be2
Rab8 27. Re7 Rb2 28. Bg4 Rxa2 29. Bxe6+ Kh8 30. Bxd5 Rxa4 31. e6 Ra2 32.
Rf7 Re8 33. e7 Bb4 34. Re1 Rxc2 35. Rf8+ Rxf8 36. exf8=Q+ Bxf8 37. Re8 g6
38. Rxf8+ Kg7 39. Rg8+ Kf6 40. Be4 Rc1+ 41. Kg2 g5 42. fxg5+ hxg5 43. Rg6+
Ke5 44. Bf3 Kd4 45. Rxa6 c3 46. Ra4+ Kd3 47. Be4+ Kd2 48. Ra2+ Ke3 49. Rc2
Rd1 50. Bf3 Rd3 51. Re2+ Kf4 52. Re4+ Kf5 53. Rc4 Ke5 54. Be2 Rd2 55. Kf3
Rd4 56. Rxd4 Kxd4 57. Bd1 Ke5 58. Kg4 Kf6 59. Bc2 Kg7 60. Kxg5 Kh8 61. Kf4
Kg8 62. Ke3 Kh8 63. Kd4 Kg8 64. Kxc3 Kh8 65. Kd4 Kg8 66. Ke5 Kh8 67. Kf5
Kg8 68. Kg6 Kh8 69. h4 Kg8 70. h5 Kh8 71. h6 Kg8 72. Bb3+ Kh8 73. Kh5 Kh7
74. Bf7 Kh8 75. Bg6 Kg8 76. Bf7+ Kxf7 77. Kg5 { Game drawn by mutual
agreement } 1/2-1/2

[Event "ICC tourney 2257 (45 10)"]
[Site "Internet Chess Club"]
[Date "2020.12.30"]
[Round "5"]
[White "edwinthomas"]
[Black "czw1"]
[Result "1-0"]
[ICCResult "Black checkmated"]
[WhiteElo "1526"]
[BlackElo "1356"]
[Opening "Sicilian: Kan variation"]
[ECO "B41"]
[NIC "SI.41"]
[Time "21:02:57"]
[PlyCount "97"]
[TimeControl "2700+10"]

1. e4 c5 2. Nf3 e6 3. d4 cxd4 4. Nxd4 a6 5. Be2 Qc7 6. Nc3 Nf6 7. f3 Bc5 8.
Nb3 Be7 9. Be3 d6 10. Qd2 Nbd7 11. O-O-O b5 12. a3 Bb7 13. h4 O-O 14. g4 h5
15. gxh5 Nxh5 16. Rhg1 Bxh4 17. Rh1 Qd8 18. Rh3 Ng3 19. Bf2 Nxe2+ 20. Qxe2
Bxf2 21. Rdh1 Qg5+ 22. Kb1 f6 23. Qxf2 Rac8 24. Rg1 Ne5 25. Rxg5 fxg5 26.
Rg3 g4 27. f4 Bc6 28. Na5 Ba8 29. Qb6 Rxf4 30. Qxd6 Rf1+ 31. Ka2 Nf7 32.
Qxe6 Rd8 33. Nd5 Bxd5+ 34. exd5 Rd1 35. Qxg4 Kf8 36. Qxd1 g5 37. Qf3 Ke7
38. Qe4+ Kf8 39. Nc6 Rd7 40. Qf5 Kg7 41. Qxd7 Kg6 42. Ne7+ Kf6 43. Qe6+ Kg7
44. d6 Nxd6 45. Qxd6 Kf7 46. Re3 g4 47. Qg6+ Kf8 48. Nf5 g3 49. Re8# {
Black checkmated } 1-0

[Event "ICC tourney 2257 (45 10)"]
[Site "Internet Chess Club"]
[Date "2020.12.30"]
[Round "5"]
[White "lwaharte"]
[Black "chessvedant19"]
[Result "1-0"]
[ICCResult "Black resigns"]
[WhiteElo "1473"]
[BlackElo "1522"]
[Opening "French defense"]
[ECO "C01"]
[NIC "FR.01"]
[Time "21:02:58"]
[PlyCount "75"]
[TimeControl "2700+10"]

1. e4 e6 2. d4 Nf6 3. e5 Nd5 4. Nf3 Nc6 5. c4 Nb6 6. Nc3 Bb4 7. Bg5 Be7 8.
Bxe7 Qxe7 9. Be2 d6 10. Qc2 Bd7 11. exd6 cxd6 12. O-O-O Rc8 13. Kb1 Rc7 14.
Rhe1 O-O 15. Bd3 h6 16. d5 Nb4 17. Qd2 Nxd3 18. Qxd3 Nxc4 19. dxe6 Bxe6 20.
Ka1 Rfc8 21. Nd4 Qf6 22. Ndb5 Rc5 23. Nd4 Qxf2 24. Re2 Qf6 25. Nxe6 fxe6
26. Ne4 Qf5 27. Nxc5 Qxc5 28. Rc2 Rc6 29. Rdc1 d5 30. b3 Qa3 31. Qe2 Na5
32. Rxc6 bxc6 33. Qxe6+ Kh8 34. Qc8+ Kh7 35. Qf5+ Kh8 36. Rb1 Nxb3+ 37.
Rxb3 Qc1+ 38. Qb1 { Black resigns } 1-0

[Event "ICC tourney 2257 (45 10)"]
[Site "Internet Chess Club"]
[Date "2020.12.30"]
[Round "5"]
[White "RishiMurali"]
[Black "DanSarnelli"]
[Result "0-1"]
[ICCResult "White resigns"]
[WhiteElo "1664"]
[BlackElo "1409"]
[Opening "QGD: exchange variation"]
[ECO "D35"]
[NIC "QO.16"]
[Time "21:03:42"]
[PlyCount "80"]
[TimeControl "2700+10"]

1. d4 d5 2. c4 e6 3. Nc3 Nf6 4. cxd5 exd5 5. e3 Be7 6. Be2 O-O 7. Nf3 c5 8.
O-O Nc6 9. Re1 h6 10. b3 Bf5 11. Bd3 Ne4 12. Qc2 cxd4 13. exd4 Bb4 14. Bd2
Nxd2 15. Qxd2 Bxd3 16. Qxd3 Qa5 17. Rec1 Ba3 18. Rd1 Bb2 19. Rac1 Bxc1 20.
Rxc1 Nb4 21. Qd2 Rac8 22. Nh4 Nxa2 23. Qxa2 Rxc3 24. Qb2 Rfc8 25. Rf1 Rc2
26. Qb1 Qd2 27. g3 Qxd4 28. Nf5 Qc5 29. b4 Qc7 30. Qa1 Rc3 31. Qxa7 Rc1 32.
Rxc1 Qxc1+ 33. Kg2 Qe1 34. Nd6 Rc1 35. Qxb7 Qf1+ 36. Kf3 Rc3+ 37. Kg4 h5+
38. Kh4 Qxf2 39. Kxh5 Qxh2+ 40. Kg5 Qxg3+ { White resigns } 0-1

[Event "ICC tourney 2257 (45 10)"]
[Site "Internet Chess Club"]
[Date "2020.12.30"]
[Round "5"]
[White "edenhe"]
[Black "Davide25"]
[Result "1/2-1/2"]
[ICCResult "Game drawn by mutual agreement"]
[WhiteElo "1518"]
[BlackElo "1390"]
[Opening "Queen's Indian: Miles variation"]
[ECO "E12"]
[NIC "QI.02"]
[Time "21:02:55"]
[PlyCount "115"]
[TimeControl "2700+10"]

1. d4 Nf6 2. c4 e6 3. Nf3 b6 4. Bf4 Bb7 5. e3 Bb4+ 6. Nbd2 O-O 7. Be2 Be7
8. O-O c5 9. Qc2 d5 10. cxd5 exd5 11. dxc5 bxc5 12. b3 Re8 13. Bb5 Bc6 14.
Bxc6 Nxc6 15. Ne5 Nxe5 16. Bxe5 Bd6 17. Bxd6 Qxd6 18. Nf3 Ne4 19. Rfd1 Qe6
20. Rac1 Rac8 21. Qd3 Red8 22. h3 Qb6 23. Kf1 a5 24. Nd2 Nf6 25. Kg1 Qb4
26. Nf3 a4 27. Qc3 Qxc3 28. Rxc3 axb3 29. axb3 h6 30. Rdc1 Nd7 31. Ne1 Rc6
32. Nd3 Rdc8 33. Nf4 Nf6 34. Rd1 Rd6 35. Rcd3 Rcd8 36. f3 R6d7 37. Kf2 Kf8
38. Ke2 g5 39. Nxd5 Rxd5 40. Rxd5 Rxd5 41. Rc1 Ke7 42. e4 Re5 43. Kd3 Kd6
44. Ra1 Re8 45. Ra6+ Ke7 46. Rc6 Nd7 47. Rxh6 Ne5+ 48. Kc3 Ng6 49. Rh5 f6
50. Rh7+ Ke6 51. Rc7 Kd6 52. Ra7 Nh4 53. Ra6+ Ke5 54. Rc6 Nxg2 55. Rxc5+
Kf4 56. Rf5+ Kg3 57. Rxf6 Kxh3 58. b4 { Game drawn by mutual agreement }
1/2-1/2

[Event "ICC tourney 2257 (45 10)"]
[Site "Internet Chess Club"]
[Date "2020.12.30"]
[Round "5"]
[White "uhm44"]
[Black "krishghosh"]
[Result "1/2-1/2"]
[ICCResult "Game drawn by mutual agreement"]
[WhiteElo "1472"]
[BlackElo "1520"]
[Opening "Queen's pawn: Charlick (Englund) gambit"]
[ECO "A40"]
[NIC "QO.17"]
[Time "21:02:59"]
[PlyCount "63"]
[TimeControl "2700+10"]

1. d4 e5 2. d5 Nf6 3. c4 h6 4. a3 a5 5. Nc3 Be7 6. e4 O-O 7. Be2 d6 8. f3
Nbd7 9. Be3 Re8 10. Nh3 Nf8 11. Nf2 Bd7 12. Nd3 Ng6 13. O-O Nh5 14. Qd2
Nhf4 15. Rac1 Bg5 16. Bd1 Nxd3 17. Qxd3 Bxe3+ 18. Qxe3 f5 19. Qd2 f4 20.
Ba4 Bxa4 21. Nxa4 Qd7 22. Qc2 b6 23. Nc3 Ne7 24. Ra1 Ra6 25. a4 g5 26. Qe2
Raa8 27. Nd1 Kh7 28. h3 Rg8 29. Nc3 h5 30. Kf2 h4 31. Rfb1 Rgb8 32. b4 {
Game drawn by mutual agreement } 1/2-1/2

[Event "ICC tourney 2257 (45 10)"]
[Site "Internet Chess Club"]
[Date "2020.12.30"]
[Round "5"]
[White "mrerikchin"]
[Black "fromdaus214"]
[Result "0-1"]
[ICCResult "White resigns"]
[WhiteElo "1636"]
[BlackElo "1464"]
[Opening "Catalan: closed, 5.Nf3"]
[ECO "E06"]
[NIC "CA.04"]
[Time "21:02:57"]
[PlyCount "74"]
[TimeControl "2700+10"]

1. c4 e6 2. d4 d5 3. g3 Nf6 4. Bg2 Be7 5. Nf3 O-O 6. O-O c5 7. Qc2 Nc6 8.
dxc5 Bxc5 9. cxd5 Qxd5 10. Nc3 Qd8 11. a3 Be7 12. Rd1 Qc7 13. b3 Bd7 14.
Bb2 Rac8 15. Ne4 Nxe4 16. Qxe4 Rfd8 17. Rac1 a6 18. Ne5 Be8 19. Qg4 Rxd1+
20. Rxd1 Nxe5 21. Qh5 Bf6 22. Rc1 Qb8 23. Rxc8 Qxc8 24. Bxe5 g6 25. Qf3
Bxe5 26. Qxb7 Qc1+ 27. Bf1 Qxa3 28. Qc8 Kf8 29. e3 Ke7 30. Bxa6 Qxb3 31.
Qc5+ Bd6 32. Qa7+ Kf8 33. Qa8 Qd1+ 34. Kg2 Qb3 35. Bc8 Bb4 36. Bd7 Qd5+ 37.
Qxd5 exd5 { White resigns } 0-1

[Event "ICC tourney 2257 (45 10)"]
[Site "Internet Chess Club"]
[Date "2020.12.30"]
[Round "5"]
[White "yuanbao2007"]
[Black "Supersky"]
[Result "1-0"]
[ICCResult "Black resigns"]
[WhiteElo "1664"]
[BlackElo "1312"]
[Opening "QGD Slav/Grünfeld: Schlechter variation"]
[ECO "D15"]
[NIC "SL.03"]
[Time "21:02:56"]
[PlyCount "125"]
[TimeControl "2700+10"]

1. d4 d5 2. c4 c6 3. Nf3 Nf6 4. Nc3 g6 5. Bf4 Bg7 6. e3 Bg4 7. Be2 O-O 8.
O-O Nbd7 9. cxd5 cxd5 10. Qb3 Nb6 11. h3 Bxf3 12. Bxf3 e6 13. a4 Qd7 14.
Be2 Rac8 15. Rac1 Nc4 16. Bxc4 dxc4 17. Qb5 Rfd8 18. Qxd7 Rxd7 19. Nb5 a6
20. Nd6 Rc6 21. Nxc4 Nd5 22. Be5 Nb4 23. Bxg7 Kxg7 24. Ne5 Rxc1 25. Rxc1
Re7 26. Rc4 a5 27. Kf1 f6 28. Nf3 Kf7 29. Ke2 Rd7 30. g4 Ke7 31. g5 b6 32.
gxf6+ Kxf6 33. Ne5 Rd6 34. Rc7 h5 35. h4 Kf5 36. f3 Nd5 37. e4+ Kf4 38.
exd5 exd5 39. Kf2 Kf5 40. Ke3 g5 41. Rf7+ Rf6 42. Rh7 gxh4 43. Rxh5+ Ke6
44. Rxh4 Kd6 45. Rh7 Ke6 46. Rb7 Kf5 47. Kd3 Kf4 48. Rf7 Rxf7 49. Nxf7 Kxf3
50. Nd6 Kf4 51. Nc8 Kf5 52. Nxb6 Ke6 53. Ke3 Kd6 54. Kf4 Kc6 55. Nc8 Kd7
56. Na7 Kc7 57. Ke5 Kb6 58. Kxd5 Kxa7 59. Kc6 Kb8 60. Kb6 Kc8 61. Kxa5 Kc7
62. Kb5 Kb7 63. d5 { Black resigns } 1-0

[Event "ICC tourney 2257 (45 10)"]
[Site "Internet Chess Club"]
[Date "2020.12.30"]
[Round "5"]
[White "IvSa"]
[Black "pusheen2019"]
[Result "1-0"]
[ICCResult "Black resigns"]
[WhiteElo "1655"]
[BlackElo "1499"]
[Opening "Scandinavian defense"]
[ECO "B01"]
[NIC "SD.03"]
[Time "21:02:49"]
[PlyCount "57"]
[TimeControl "2700+10"]

1. e4 d5 2. exd5 Nf6 3. d4 Bg4 4. Be2 Bxe2 5. Qxe2 Qxd5 6. Nf3 Nc6 7. c3 e6
8. O-O Be7 9. Rd1 O-O 10. Nbd2 Rad8 11. Nb3 Rfe8 12. h3 e5 13. c4 Qe4 14.
Qxe4 Nxe4 15. d5 Nb4 16. Nxe5 Bh4 17. f4 c6 18. Bd2 Rxe5 19. fxe5 Nd3 20.
Be3 Nxe5 21. dxc6 Rxd1+ 22. Rxd1 bxc6 23. Bxa7 Nxc4 24. Rc1 Nxb2 25. Rxc6
h6 26. Rc2 Nd3 27. Rc4 f5 28. Nd2 Bf2+ 29. Bxf2 { Black resigns } 1-0

[Event "ICC tourney 2257 (45 10)"]
[Site "Internet Chess Club"]
[Date "2020.12.30"]
[Round "5"]
[White "KawordianKnight"]
[Black "ChemStud24"]
[Result "1-0"]
[ICCResult "Black checkmated"]
[WhiteElo "1553"]
[BlackElo "1434"]
[Opening "Queen's Indian defense"]
[ECO "A47"]
[NIC "QP.06"]
[Time "21:02:53"]
[PlyCount "71"]
[TimeControl "2700+10"]

1. d4 Nf6 2. Nf3 b6 3. Bg5 Bb7 4. Bxf6 exf6 5. a3 d5 6. e3 g6 7. c4 Nd7 8.
Nc3 c6 9. cxd5 cxd5 10. Qb3 Bg7 11. Nxd5 O-O 12. Bc4 Rc8 13. O-O Ne5 14.
dxe5 Rxc4 15. Qxc4 Bxd5 16. Qe2 fxe5 17. Rfd1 e4 18. Qb5 exf3 19. Rxd5 Qh4
20. gxf3 Qh3 21. Qe2 Re8 22. f4 Bh6 23. Qd1 Re7 24. Rc1 Bxf4 25. exf4 Re1+
26. Qxe1 Qg4+ 27. Kf1 Qf3 28. Rd8+ Kg7 29. Qc3+ Qxc3 30. Rxc3 a5 31. Rb8 b5
32. Rxb5 a4 33. Rc7 h5 34. Rbb7 Kh6 35. Rxf7 g5 36. Rf6# { Black checkmated
} 1-0

[Event "ICC tourney 2257 (45 10)"]
[Site "Internet Chess Club"]
[Date "2020.12.30"]
[Round "5"]
[White "andrewharris24"]
[Black "smartgoldfish"]
[Result "1-0"]
[ICCResult "Black forfeits on time"]
[WhiteElo "1692"]
[BlackElo "1181"]
[Opening "QGD Slav: Dutch variation, main line"]
[ECO "D19"]
[NIC "SL.05"]
[Time "21:02:57"]
[PlyCount "91"]
[TimeControl "2700+10"]

1. d4 d5 2. c4 c6 3. Nc3 Nf6 4. Nf3 dxc4 5. a4 Bf5 6. e3 e6 7. Bxc4 Bb4 8.
O-O O-O 9. Qe2 Nbd7 10. Rd1 Nb6 11. Nh4 Bxc3 12. Nxf5 Bb4 13. Ng3 a5 14.
Bd3 Re8 15. e4 h6 16. e5 Nfd5 17. Qg4 Kh8 18. Qe4 f5 19. Nxf5 exf5 20. Qxf5
Kg8 21. Qh7+ Kf8 22. Bg6 Qc7 23. Qh8+ Ke7 24. Qxg7+ Kd8 25. Qxc7+ Kxc7 26.
Bxe8 Rxe8 27. Bxh6 Rg8 28. Bd2 Bxd2 29. Rxd2 Nf4 30. g3 Ne6 31. f4 Nc4 32.
Rc2 Ne3 33. Re2 Nd5 34. Re4 Ndxf4 35. Rf1 Nh3+ 36. Kg2 Nhg5 37. Rg4 Rd8 38.
h4 Nh7 39. Rf7+ Rd7 40. Rxd7+ Kxd7 41. Kf3 Ke7 42. Ke4 b5 43. axb5 cxb5 44.
d5 Nc5+ 45. Kd4 Nb3+ 46. Kc3 { Black forfeits on time } 1-0